 Dungeon Crawl Stone Soup version 0.31-a0-221-gbddc013574 (webtiles) character file.

Game seed: 4967106485847168900

995 qw the Skirmisher (level 7, -16/55 (61) HPs)
             Began as a Minotaur Hexslinger on July 3, 2023.
             Demolished by a wight
             ... wielding a +5 flail of freezing
              (18 damage)
             ... on level 6 of the Dungeon.
             The game lasted 00:01:44 (3854 turns).

qw the Skirmisher (Minotaur Hexslinger)             Turns: 3854, Time: 00:01:44

HP:   -16/55 (61)   AC:  4    Str: 12    XL:     7   Next: 99%
MP:   7/7           EV: 16    Int: 10    God:
Gold: 217           SH:  0    Dex: 15    Spells: 7/8 levels left

rFire   . . .        Y - +0 orcbow
rCold   . . .        (shield currently unavailable)
rNeg    . . .        q - +0 ring mail
rPois   .            (helmet restricted)
rElec   .            (no cloak)
rCorr   .            (no gloves)
SInv    .            f - +0 pair of boots
Will    +....        p - amulet of faith
Stlth   +            l - ring of willpower
HPRegen 0.29/turn    o - +5 ring of evasion
MPRegen 0.10/turn

%: faith
@: about to teleport, drained
A: horns 2, retaliatory headbutt, deformed body
a: no special abilities


You were on level 6 of the Dungeon.
You visited 1 branch of the dungeon, and saw 6 of its levels.
You also visited: Ossuary.

You collected 251 gold pieces.
You spent 34 gold pieces at shops.


Innate Abilities, Weirdness & Mutations

You have a pair of horns on your head.
You reflexively headbutt those who attack you in melee.
Armour fits poorly on your strangely shaped body.


   Skills:
 - Level 5.3 Fighting
 + Level 8.5 Ranged Weapons
 - Level 3.1 Armour
 - Level 2.1 Dodging
 - Level 1.0 Spellcasting
 - Level 2.0 Hexes


You had 7 spell levels left.
You knew the following spells:

 Your Spells              Type           Power      Damage    Failure   Level
a - Slow                  Hex            16%        N/A       32%         1

Your spell library contained the following spells:

 Spells                   Type           Power      Damage    Failure   Level
 Inner Flame              Hex/Fire       2%         N/A       82%         3
 Portal Projectile        Hex/Tloc       4%         N/A       82%         3
 Cause Fear               Hex            2%         N/A       97%         4

Inventory:

Hand Weapons
 Y - a +0 orcbow (weapon)
Armour
 f - a +0 pair of boots (worn)
 q - a +0 ring mail (worn)
Jewellery
 d - an amulet of regeneration
 l - a ring of willpower (left hand)
 o - a +5 ring of evasion (right hand)
 p - an amulet of faith (around neck)
 s - a ring of ice
Scrolls
 m - 4 scrolls of teleportation
 n - 2 scrolls of identify
Potions
 a - 2 potions of might
 b - a potion of curing
 e - 2 potions of mutation
 g - 2 potions of haste
 j - a potion of berserk rage {unknown}
 k - a potion of enlightenment
 r - a potion of heal wounds {unknown}

Dungeon Overview and Level Annotations

Branches:
Dungeon (6/15)            Ossuary (visited)
 Temple: D:4-7

Altars:
Nemelex Xobeh

Shops:
D:4 *   D:5 *

Annotations:
D:3 Ijyb


Message History

Found a stone staircase leading down.
Enter note:
Enter note:
Enter note:
Enter note: You shoot an arrow.
The arrow hits the wight.
The wight is lightly damaged.
A wight comes into view. It is wielding a +5 flail of freezing.
A wight comes into view.
It is wielding a +2 hand axe of flaming.
You shoot an arrow. The arrow hits the wight.
The wight is lightly damaged.
The wight hits you with a +5 flail of freezing!
The wight freezes you.
You shoot an arrow. The arrow closely misses the wight.
The wight hits you with a +5 flail of freezing!
You feel drained. The wight freezes you.
You shoot an arrow. The arrow hits the wight.
The wight is heavily damaged.
The wight hits you with a +0 dagger.
You shoot an arrow.
The arrow hits the wight but does no damage.
The wight is heavily damaged.
You shoot an arrow. The arrow closely misses the wight.
The wight hits you but does no damage.
You shoot an arrow. The arrow barely misses the wight.
The wight barely misses you. x2
You shoot an arrow. The arrow closely misses the wight.
The wight hits you with a +5 flail of freezing.
The wight freezes you. The wight hits you with a +0 dagger.
The wight misses you. You furiously retaliate!
You headbutt the wight. The wight hits you with a +0 dagger.
You feel drained.
You shoot an arrow. The arrow hits the wight.
The wight is severely damaged.
The wight hits you with a +5 flail of freezing!
You feel drained. The wight freezes you. The wight barely misses you.
3854 ||| READING 5 scrolls of teleportation.
As you read the scroll of teleportation, it crumbles to dust.
You feel strangely unstable.
The wight hits you with a +5 flail of freezing!!
You die...

############...########
...............#
...............#
...............#
...##...##.....#
#...##.....#
..##...########
...............##
.......z@.......#
...####z##......# ..(
..z #......# .. +>.$.
#......# #>... #......#
#.... #.....## #....
####### #####


You could see 3 wights.

Vanquished Creatures
  A water moccasin (D:5)
  2 ogres (D:5)
  A centaur (D:5)
  A phantom (D:4)
  A scorpion (D:5)
  A hound (D:6)
  3 iguanas
  An orc priest (D:5)
  Jessica (D:2)
  2 orc wizards (D:4)
  Natasha (thrice) (D:2)
  9 adders
  A shadow imp (D:4)
  A white imp (D:5)
  An ufetubus (D:4)
  An adder zombie (D:2)
  2 adder skeletons (D:2)
  A dart slug (D:5)
  12 orcs
  A bat skeleton (D:2)
  10 endoplasms
  A giant cockroach (D:1)
  8 goblins
  5 hobgoblins
  5 jackals (D:3)
  4 kobolds
  A quokka (D:3)
  8 ball pythons
  6 bats
  A frilled lizard (D:3)
  A giant cockroach zombie (D:2)
  3 goblin zombies (Ossuary)
  4 hobgoblin zombies (Ossuary)
  2 jackal zombies (D:2)
  2 kobold zombies (Ossuary)
  7 orc zombies (Ossuary)
  11 rats
125 creatures vanquished.

Notes
Turn   | Place    | Note
-------+----------+-------------------------------------------
     0 | D:1      | qw the Minotaur Hexslinger began the quest for the Orb.
     0 | D:1      | Reached XP level 1. HP: 16/16 MP: 1/1
     0 | D:1      | 0 ||| qw: Version: 0.3-a-40-ge99b1a8
     0 | D:1      | 0 ||| qw: Game counter: 623
     0 | D:1      | 0 ||| qw: Melee chars always use a shield: true
     0 | D:1      | 0 ||| qw: God list: Okawaru
     0 | D:1      | 0 ||| qw: Allow faded altars: false
     0 | D:1      | 0 ||| qw: Do Orc after clearing Dungeon:15 true
     0 | D:1      | 0 ||| qw: Do second Lair branch before Depths: true
     0 | D:1      | 0 ||| qw: Lair rune preference: random
     0 | D:1      | 0 ||| qw: Goals: Normal
     0 | D:1      | 0 ||| PLANNING D:1-11
   174 | D:1      | Reached skill level 3 in Ranged Weapons
   176 | D:1      | Reached XP level 2. HP: 18/23 MP: 2/2
   612 | D:1      | 612 ||| UPGRADING to +0 pair of boots.
   617 | D:1      | 617 ||| UPGRADING to amulet of regeneration.
   622 | D:1      | 622 ||| UPGRADING to ring of willpower.
   623 | D:1      | 623 ||| READING scroll labelled UMEC CUGOPLOFE.
   624 | D:1      | 624 ||| READING scroll labelled ZUMUESTRANIE.
   629 | D:1      | 629 ||| READING scroll labelled KOMOFOITRA.
   630 | D:1      | 630 ||| READING scroll labelled FUIN UWAPILUDI.
   631 | D:1      | 631 ||| DROPPING scroll of poison.
   678 | D:2      | Reached XP level 3. HP: 29/29 MP: 3/3
   696 | D:2      | Noticed Jessica
   698 | D:2      | Killed Jessica
   699 | D:2      | Reached skill level 4 in Ranged Weapons
   726 | D:2      | Reached XP level 4. HP: 36/36 MP: 4/4
   799 | D:2      | Noticed Natasha
   807 | D:2      | Killed Natasha
   808 | D:2      | Reached skill level 5 in Ranged Weapons
   955 | D:2      | Noticed Natasha
   963 | D:2      | Killed Natasha
   964 | D:2      | Reached skill level 3 in Fighting
   964 | D:2      | Reached XP level 5. HP: 35/45 MP: 5/5
   998 | D:2      | Noticed Natasha
  1008 | D:2      | Killed Natasha
  1071 | D:2      | Identified the +2 robe "Feogh" {rCorr Int+3 Dex-2}
  1166 | D:2      | 1166 ||| UPGRADING to +2 robe "Feogh" {rCorr Int+3 Dex-2}.
  1176 | D:2      | 1176 ||| READING scroll labelled FANAUC ZEXKAASM.
  1177 | D:2      | 1177 ||| READING scroll labelled ALUCHU SEAG.
  1224 | D:3      | Found a faded altar of an unknown god.
  1667 | D:3      | Noticed Ijyb
  1826 | D:3      | 1826 ||| DROPPING +0 robe.
  1827 | D:3      | 1827 ||| UPGRADING to +0 leather armour.
  1837 | D:3      | 1837 ||| DROPPING +2 robe "Feogh" {rCorr Int+3 Dex-2}.
  1838 | D:3      | 1838 ||| UPGRADING to +5 ring of evasion.
  1839 | D:3      | 1839 ||| DRINKING 2 yellow potions.
  1911 | D:4      | Noticed a phantom
  1928 | D:4      | Killed a phantom
  1929 | D:4      | Reached skill level 6 in Ranged Weapons
  1929 | D:4      | Reached XP level 6. HP: 49/51 MP: 6/6
  1949 | D:4      | Reached skill level 1 in Armour
  2019 | D:4      | Found Toups's Mayhem Merchandise.
  2505 | D:4      | 2505 ||| UPGRADING to +0 ring mail.
  2515 | D:4      | 2515 ||| DROPPING +0 leather armour.
  2516 | D:4      | 2516 ||| UPGRADING to amulet of faith.
  2526 | D:4      | 2526 ||| READING scroll labelled FIAKIUDITU.
  2527 | D:4      | 2527 ||| DRINKING 2 puce potions.
  2527 | D:4      | Gained mutation: Armour fits poorly on your strangely
                  | shaped body. [potion of mutation]
  2528 | D:4      | 2528 ||| DRINKING 2 red potions.
  2529 | D:4      | 2529 ||| READING 2 scrolls of identify.
  2529 | D:4      | 2529 ||| IDENTIFYING white potion
  2530 | D:4      | 2530 ||| DROPPING potion of attraction.
  2537 | D:5      | Entered Level 5 of the Dungeon
  2548 | D:5      | 2548 ||| STAIRDANCE
  2554 | D:4      | Reached skill level 7 in Ranged Weapons
  2623 | D:5      | Noticed a water moccasin
  2633 | D:5      | Killed a water moccasin
  2634 | D:5      | Reached XP level 7. HP: 33/59 MP: 7/7
  2736 | D:5      | Found Wadoguc's CLEARANCE SALE!.
  2740 | D:5      | 2740 ||| BUYING potion of might (12 gold).
  2740 | D:5      | Bought a potion of might for 12 gold pieces
  2740 | D:5      | 2740 ||| BUYING scroll of enchant weapon (22 gold).
  2740 | D:5      | Bought a scroll of enchant weapon for 22 gold pieces
  2740 | D:5      | 2740 ||| READING scroll of enchant weapon.
  2740 | D:5      | 2740 ||| ENCHANTING +2 sling of draining.
  2839 | D:5      | Reached skill level 8 in Ranged Weapons
  2913 | D:5      | 2913 ||| SWAPPING to +0 orcbow.
  2914 | D:5      | 2914 ||| DROPPING +3 sling of draining.
  3171 | D:5      | Reached skill level 3 in Armour
  3272 | D:5      | Found a sparkling altar of Nemelex Xobeh.
  3580 | D:5      | 3580 ||| READING scroll labelled FYLOIXUISE.
  3581 | D:5      | 3581 ||| DRINKING 3 glowing white potions.
  3582 | D:5      | 3582 ||| READING 2 scrolls of identify.
  3582 | D:5      | 3582 ||| IDENTIFYING sapphire potion
  3583 | D:5      | 3583 ||| DROPPING potion of brilliance.
  3599 | D:6      | 3599 ||| PLANNING OSSUARY
  3704 | D:6      | Found a sand-covered staircase.
  3710 | Ossuary  | Entered an ossuary
  3800 | D:6      | 3800 ||| PLANNING D:1-11
  3853 | D:6      | HP: 8/57 [wight/+5 flail of freezing (10)]
  3853 | D:6      | HP: 2/55 [wight/+5 flail of freezing (4)]
  3854 | D:6      | 3854 ||| READING 5 scrolls of teleportation.
  3854 | D:6      | Demolished by a wight

Levels and vault maps discovered:
D:1:      minmay_arrival_glassed_features, layout_basic
D:2:      layout_rooms, serial_undead, serial_undead_e, serial_undead_c,
          serial_undead_e, serial_undead_a, uniq_natasha, uniq_jessica
D:3:      layout_loops_cross, hellmonk_ecumenical_altar_leap_of_faith,
          kennysheep_nub, uniq_ijyb
D:4:      layout_loops_cross, serial_forest, infiniplex_forest_fountain,
          infiniplex_forest_lined_ring, infiniplex_forest_clump_small,
          infiniplex_forest_clump_small, minmay_shop_mayhem
D:5:      layout_basic, nemelex_dance_club_becter, nicolae_shop_clearance
D:6:      minmay_inner_zag, layout_gridville, kiku_gazebo_pond_becter,
          nicolae_ossuary_entry_monument, uniq_sigmund

Skill      XL: |  1  2  3  4  5  6  7 |
---------------+----------------------+-----
Ranged Weapons | 3 4 5 6 7 8 |  8.5
Fighting       | 2 3 4 5 |  5.3
Armour         | 1 3 |  3.1
Dodging        | |  2.1
Spellcasting   | |  1.0
Hexes          | |  2.0

Action                     |  1- 3 |  4- 6 |  7- 9 || total
---------------------------+-------+-------+-------++-------
   Fire: Sling             |    84 |   190 |    20 ||   294
         Orcbow            |       |       |    89 ||    89
    Use: Scroll            |     4 |     4 |     4 ||    12
         Potion            |       |     3 |     1 ||     4
 Armour: Robe              |     1 |     7 |       ||     8
         Leather armour    |       |     9 |       ||     9
         Ring mail         |       |     2 |     8 ||    10
  Dodge: Dodged            |    21 |    43 |    32 ||    96

Table legend:
 A = Non-vault XP
 B = Vault XP
 C = Vault XP percentage of total XP
 D = Non-vault monster count
 E = Vault monster count
 F = Vault count percentage of total count
                 A         B        C        D         E       F
            +---------+---------+-------+---------+---------+-------
      Total |    1195 |     227 |  16.0 |      98 |      27 |  21.6
            +---------+---------+-------+---------+---------+-------
        D:1 |      34 |       0 |   0.0 |      22 |       0 |   0.0
        D:2 |     138 |      93 |  40.3 |      22 |       9 |  29.0
        D:3 |      40 |       0 |   0.0 |      16 |       0 |   0.0
        D:4 |     315 |       0 |   0.0 |      19 |       0 |   0.0
        D:5 |     598 |     118 |  16.5 |      12 |       2 |  14.3
        D:6 |      70 |       0 |   0.0 |       7 |       0 |   0.0
    Ossuary |       0 |      16 | 100.0 |       0 |      16 | 100.0
            +---------+---------+-------+---------+---------+-------
